 Dungeon Crawl Stone Soup version 0.22.1-2-g9c5b331 (webtiles) character file.

48 Fang the Skirmisher (level 3, -2/24 HPs)
             Began as a Gargoyle Berserker on Dec 12, 2018.
             Was a Believer of Trog.
             Killed from afar by Sigmund (9 damage)
             ... with a puff of flame
             ... on level 2 of the Dungeon.
             The game lasted 00:01:28 (1293 turns).

Fang the Skirmisher (Gargoyle Berserker)            Turns: 1293, Time: 00:01:29

Health: -2/24      AC:  0    Str: 21    XL:     3   Next: 72%
Magic:  3/3        EV: 19    Int:  7    God:    Trog [**....]
Gold:   84         SH:  0    Dex: 14    Spells: 2/2 levels left

rFire    . . .     SeeInvis .   (weapon currently unavailable)
rCold    . . .     Gourm    .   (shield currently unavailable)
rNeg     + . .     Faith    .   (armour currently unavailable)
rPois    ∞         Spirit   .   (helmet currently unavailable)
rElec    .         Reflect  .   (cloak currently unavailable)
rCorr    .         Harm     .   (gloves currently unavailable)
MR       .....                  (boots currently unavailable)
Stlth    +.........             (no amulet)
HPRegen  0.08/turn              (ring currently unavailable)
MPRegen  0.08/turn              (ring currently unavailable)

@: confused, bat-form, berserk cooldown, flying, slowed, quick
A: tiny, negative energy resistance 1, petrification resistance, rot immunity,
AC +3
a: Berserk, Trog's Hand, Renounce Religion


You were on level 2 of the Dungeon.
You worshipped Trog.
Trog was pleased with you.
You were very hungry.
You were in bat-form.
You visited 1 branch of the dungeon, and saw 2 of its levels.

You collected 84 gold pieces.

Inventory:

Hand Weapons
 a - a +0 hand axe (melded)
Armour
 j - a +0 leather armour (melded)
Scrolls
 d - 2 scrolls of teleportation {unknown}
 e - a scroll of enchant weapon {unknown}
 g - 3 scrolls of identify {unknown}
 k - a scroll of blinking {unknown}
Potions
 f - a potion of degeneration {unknown}
 h - a potion of haste {unknown}
 i - a potion of heal wounds
Comestibles
 c - 4 rations


   Skills:
 + Level 3.9 Fighting
 + Level 3.4 Axes
 + Level 2.4 Armour
 + Level 1.9 Dodging


You had 2 spell levels left.
You didn't know any spells.
Your spell library was empty.

Dungeon Overview and Level Annotations

Branches:
Dungeon (2/15)

Altars:
Nemelex Xobeh

Annotations:
D:2 Sigmund


Innate Abilities, Weirdness & Mutations

You are resistant to torment.
((Your stone body is resilient. (AC +3)))
You are immune to poison.
You resist negative energy. (rN+)
((You are resistant to electric shocks. (rElec)))
((You can survive without breathing.))
You are immune to petrification.
You are immune to rotting.


Message History

You hear a zap.
You turn into a bat.
Your +0 hand axe melds into your body.
Your +0 leather armour melds into your body.
The frilled lizard closely misses you.
You hear some strange, mumbled words.
A puff of flame appears from out of thin air!
The puff of flame hits you! The frilled lizard closely misses you.
Unknown command.
Unknown command.
The frilled lizard misses you.
You hear some strange, mumbled words.
A puff of flame appears from out of thin air!
The puff of flame hits you!
* * * LOW HITPOINT WARNING * * *
Unknown command.
You bump into the rock wall.
The frilled lizard misses you.
You hear some strange, mumbled words.
A puff of flame appears from out of thin air!
The puff of flame hits you!
You die...

#........#
#........#
#........#
#........#######
####........#.....#
#...........#.....#
#...†....#.....#
#....)..{.l....# ##
#.##.####b.....# #.
#..<.# #......#
#.###.#### #.....(#
#. #.....# #.######
#..#..##.# ..#
......#..# .###
..#....#####.##
......#.........
.....##.........


You could see a frilled lizard.

Vanquished Creatures
  A worm (D:2)
  2 dart slugs
  A leopard gecko (D:1)
  An orc (D:2)
  2 giant cockroaches
  2 goblins (D:1)
  4 hobgoblins (D:1)
  9 jackals
  4 kobolds (D:1)
  3 bats
  A frilled lizard (D:1)
  5 rats
35 creatures vanquished.

Notes
Turn   | Place    | Note
-------+----------+-------------------------------------------
     0 | D:1      | Fang the Gargoyle Berserker began the quest for the Orb.
     0 | D:1      | Reached XP level 1. HP: 14/14 MP: 1/1
    24 | D:1      | Reached XP level 2. HP: 10/19 MP: 2/2
   364 | D:1      | Found a sparkling altar of Nemelex Xobeh.
   676 | D:1      | Reached XP level 3. HP: 22/24 MP: 3/3
   876 | D:1      | Reached ** piety under Trog
  1008 | D:2      | Noticed Sigmund
  1293 | D:2      | Killed from afar by Sigmund

Skill      XL: |  1  2 |
---------------+-------+-----
Axes           | 3 |  3.4
Fighting       | |  3.9
Armour         | |  2.4
Dodging        | |  1.9

Action                   || total
-------------------------++-------
Melee: Hand axe          ||   113
       Unarmed           ||     4
Invok: Berserk           ||     2
  Use: Potion            ||     1
  Eat: Chunk             ||     2
Armor: Animal skin       ||    41
       Leather armour    ||    11
       Skin              ||     3
Dodge: Dodged            ||    95
